 Dungeon Crawl Stone Soup version 0.14-a0-2723-gdc5d926 (webtiles) character file.

435 Lektor the Sneak (level 5, -7/35 HPs)
             Began as a Vampire Enchanter on Feb 19, 2014.
             Mangled by a wight
             ... wielding a +1,+2 falchion
              (10 damage)
             ... on Level 4 of the Dungeon.
             The game lasted 00:19:06 (3912 turns).

Lektor the Sneak (Vampire Enchanter)                Turns: 3912, Time: 00:19:06

HP  -7/35        AC  8     Str  7      XL: 5   Next: 76%
MP   3/9         EV 12     Int 18      God:
Gold 200         SH  0     Dex 14      Spells:  3 memorised,  2 levels left

rFire  + . .     SeeInvis +     a - +1 dagger
rCold  + + .     Clarity  .     b - +1 robe
rNeg   + + +     Conserve .     (no shield)
rPois  +         rCorr    .     u - +0 orc helmet
rElec  .         rRot     +     (no cloak)
SustAb . .       Spirit   .     D - +0 pair of gloves
rMut   .         Warding  .     (no boots)
Saprov . . .     Stasis   .     (no amulet)
MR     .....                    H - ring of protection from fire {unknown}
                                F - +3 ring of protection

@: regenerating slowly, not resistant to hostile enchantments, very stealthy
A: fangs 3, see invisible, unbreathing
a: Bat Form


You were on level 4 of the Dungeon.
You were near bloodless.

You visited 1 branch of the dungeon, and saw 4 of its levels.

You collected 200 gold pieces.

Inventory:

Hand weapons
 a - a +1,+1 dagger (weapon)
 q - a +0,+0 sling
Missiles
 d - 10 darts (quivered)
 k - 29 poisoned needles
 r - 30 stones
 x - 6 poisoned darts
Armour
 b - a +1 robe (worn)
 u - a +0 orcish helmet (worn)
 D - a +0 pair of gloves (worn)
Scrolls
 h - a scroll of amnesia {unknown}
 j - a scroll of magic mapping
 l - a scroll of remove curse
 m - a scroll of random uselessness {unknown}
 n - a scroll of teleportation
 o - 2 scrolls of enchant armour
 w - a scroll of recharging
 y - a scroll of curse jewellery {unknown}
 G - 2 scrolls of noise {unknown}
Jewellery
 C - an uncursed amulet of stasis
 F - a +3 ring of protection (left hand)
 H - a ring of protection from fire (right hand) {unknown}
Potions
 f - 4 potions of curing {unknown}
 i - a potion of poison {unknown}
 p - a potion of beneficial mutation {unknown}
 s - a potion of magic {unknown}
 t - a potion of might {unknown}
 v - a potion of lignification {unknown}
 z - a potion of degeneration {unknown}
 B - a potion of flight {unknown}
 E - a potion of confusion {unknown}
Books
 c - a book of Maledictions

   Spells                             Type                      Level
   *Corona                            Hexes                        1
   Sure Blade                         Hexes/Charms                 2
   *Ensorcelled Hibernation           Hexes/Ice                    2
   *Confuse                           Hexes                        3
   Enslavement                        Hexes                        4
   Invisibility                       Hexes                        6


   Skills:
 - Level 0.1 Fighting
 + Level 1.4 Short Blades
 - Level 0.7 Throwing
 - Level 2.1 Dodging
 + Level 6.8 Stealth
 - Level 2.0 Spellcasting
 + Level 6.7 Hexes
 + Level 1.7 Ice Magic


You had 2 spell levels left.
You knew the following spells:

 Your Spells              Type           Power        Failure   Level  Hunger
a - Corona                Hex            ####...      1%          1    #......
b - Ensorcelled Hibernat  Hex/Ice        ###...       6%          2    ##.....
c - Confuse               Hex            ####....     3%          3    ####...


Dungeon Overview and Level Annotations

Branches:
Dungeon (4/16)
 Temple: D:4-7

Altars:


Innate Abilities, Weirdness & Mutations

You heal slowly.
You have razor-sharp teeth.*
You have supernaturally acute eyesight.
You can survive without breathing.*


Message History

You feel a little less agile now. The wight closely misses you.
Casting: Corona
Confirm with . or Enter, or press ? or * to list all spells.
Aiming: Confuse
Press: ? - help, Shift-Dir - straight line, f/p - wight
Aim: a wight, wielding a falchion and wearing a robe (lightly damaged)
The wight appears confused.
The wight barely misses you.
You hit the wight but do no damage. You bite the wight, but do no damage.
The wight is lightly damaged.
You strike the helpless wight from behind!
You slash the wight!
The wight is almost destroyed.
You hit the wight but do no damage.
The wight is almost destroyed.
The wight hits you with a dagger.
* * * LOW HITPOINT WARNING * * *
The wight hits you with a falchion!
You die...

#................#
#..>.............#
#.........###'##.#
#.........##.)##.#
#.........##).##.#
#.........######.#
#................#
#.........######.#
#...............@#
#..............zz#
#................#
#................#
#................#
#................#
#.)..............#
#................#
...%.............#


You could see 2 wights.

Vanquished Creatures
  An ogre (D:4)
  A wight (D:4)
  2 gnolls
  3 adders
  2 worms
  4 giant geckos
  2 orcs (D:3)
  9 bats
  3 giant cockroaches
  3 hobgoblins
  3 oozes
  A quokka (D:2)
  5 giant newts
  9 goblins
  4 kobolds
  6 rats
58 creatures vanquished.

Notes
Turn   | Place    | Note
--------------------------------------------------------------
     0 | D:1      | Lektor, the Vampire Enchanter, began the quest for the Orb.
     0 | D:1      | Reached XP level 1. HP: 13/13 MP: 3/3
    68 | D:1      | Reached skill level 5 in Hexes
    68 | D:1      | Reached XP level 2. HP: 7/19 MP: 1/4
   105 | D:1      | Learned a level 2 spell: Ensorcelled Hibernation
  1719 | D:2      | Reached XP level 3. HP: 17/24 MP: 6/6
  2004 | D:2      | Reached skill level 6 in Hexes
  2434 | D:2      | Reached XP level 4. HP: 25/30 MP: 4/7
  2791 | D:3      | Learned a level 3 spell: Confuse
  2999 | D:3      | Reached skill level 5 in Stealth
  3089 | D:3      | Noticed a gnoll sergeant
  3089 | D:3      | Reached skill level 1 in Ice Magic
  3131 | D:4      | Reached XP level 5. HP: 5/35 MP: 2/9
  3786 | D:4      | Noticed an ogre
  3796 | D:4      | Killed an ogre
  3912 | D:4      | Mangled by a wight

Action                   |  1- 3 |  4- 6 || total
-------------------------+-------+-------++-------
Melee: Dagger            |   164 |    54 ||   218
 Fire: Sling             |    13 |       ||    13
Throw: Dart              |     1 |     4 ||     5
 Cast: Corona            |     8 |     1 ||     9
       Ensorcelled Hiber |     5 |    10 ||    15
       Confuse           |       |     6 ||     6
  Use: Potion            |       |     3 ||     3
       Scroll            |       |     6 ||     6
 Stab: Sleeping          |     8 |    12 ||    20
       Confused          |       |     2 ||     2
